 Dungeon Sprint DCSS version 0.29.1-14-g9c671dbff4 (webtiles) character file.

Game seed: 10125619220033307233

8 Ast3rio the Poker (level 2, -2/28 HPs)
             Began as a Minotaur Berserker on Feb 17, 2023.
             Was a Believer of Trog.
             Killed from afar by an orc wizard (9 damage)
             ... with a magic dart
             ... in the Dungeon (Sprint IX: "|||||||||||||||||||||||||||||").
             The game lasted 00:00:08 (28 turns).

Ast3rio the Poker (Minotaur Berserker)                Turns: 28, Time: 00:00:08

Health: -2/28      AC:  2    Str: 21    XL:     2   Next: 0%
Magic:  1/1        EV: 12    Int:  4    God:    Trog [**....]
Gold:   0          SH:  0    Dex:  9    Spells: 1/1 levels left

rFire   . . .      SeeInvis .   a - +0 spear
rCold   . . .      Faith    .   (no shield)
rNeg    . . .      Spirit   .   b - +0 animal skin
rPois   .          Reflect  .   (helmet restricted)
rElec   .          Harm     .   (no cloak)
rCorr   .          Rampage  .   (no gloves)
Will    .....      NoTele   +   (no boots)
Stlth   +.........              (no amulet)
HPRegen 0.09/turn               (no ring)
MPRegen 0.07/turn               (no ring)

@: no status effects
A: horns 2, retaliatory headbutt
a: Renounce Religion, Berserk, Trog's Hand


You were in the Dungeon.
You worshipped Trog.
Trog was pleased with you.
You visited 1 branch

Inventory:

Hand Weapons
 a - a +0 spear (weapon)
Armour
 b - a +0 animal skin (worn)
Scrolls
 h - a scroll of blinking
Potions
 c - a potion of curing
 d - a potion of heal wounds
 e - a potion of haste
 f - 2 potions of magic
 g - a potion of berserk rage


   Skills:
 + Level 4.7 Fighting
 + Level 4.7 Polearms
 + Level 2.8 Armour
 + Level 2.5 Dodging


You had one spell level left.
You didn't know any spells.
Your spell library was empty.

Dungeon Overview and Level Annotations

Branches:
Dungeon (1/1)

Altars:


Innate Abilities, Weirdness & Mutations

You have a pair of horns on your head.
You reflexively headbutt those who attack you in melee.


Message History

The hobgoblin is severely wounded.
The hobgoblin hits you.
You barely miss the hobgoblin.
The hobgoblin is severely wounded.
The hobgoblin hits you.
You hit the hobgoblin.
You kill the hobgoblin!
Trog accepts your kill.
You can now call upon Trog for regeneration and willpower.
The ball python barely misses you. You furiously retaliate!
You headbutt the ball python.
You kill the ball python!
Trog accepts your kill. The quokka barely misses you.
Things that are here:
a hobgoblin corpse; a dart slug corpse You completely miss the quokka.
You headbutt the quokka.
You kill the quokka!
Trog accepts your kill.
You have reached level 2!
You open the door.
A phantom, an adder, a scorpion, an orc wizard and an iguana come into view.
The adder hisses angrily.
The orc wizard shouts!
The iguana hisses angrily.
You hit the iguana but do no damage. The iguana bites you.
You hit the iguana.
The iguana is moderately wounded.
The iguana bites you.
You hit the iguana.
The iguana is heavily wounded.
The iguana bites you!
You hit the iguana.
The iguana is severely wounded.
The iguana bites you!
* * * LOW HITPOINT WARNING * * *
You closely miss the iguana. You headbutt the iguana.
You kill the iguana!
Trog accepts your kill.
The orc wizard points at you and mumbles some strange words.
The magic dart hits you!
You die...

▓+▓
▓.▓
▓W▓
▓S▓
▓s▓
▓o▓
▓†▓
▓@▓
▓.▓
▓.▓
▓.▓
▓†▓
▓'▓
▓.▓
▓.▓
▓.▓


You could see a phantom, a scorpion, an orc wizard and an adder.

Vanquished Creatures
  An iguana (D)
  A dart slug (D)
  A ball python (D)
  2 hobgoblins (D)
  A quokka (D)
6 creatures vanquished.

Notes
Turn   | Place    | Note
-------+----------+-------------------------------------------
     0 | D        | Ast3rio the Minotaur Berserker began the quest for the Orb.
     0 | D        | Reached XP level 1. HP: 19/19 MP: 0/0
    16 | D        | Reached ** piety under Trog
    19 | D        | Reached XP level 2. HP: 24/28 MP: 1/1
    23 | D        | Noticed a phantom
    23 | D        | Noticed a scorpion
    28 | D        | Killed from afar by an orc wizard

Illustrated notes

Levels and vault maps discovered:
D:        linesprint [early_d, line_temple, items_1, d_10, items_2, lair_1,
          lair_end, items_3, orc_1, orc_end, items_4, d_15, swamp_1, shoals_1,
          snake_1, spider_1, d_20, vaults_1, items_5, swamp_end, shoals_end,
          snake_end, spider_end, vaults_end, d_27, items_6, zot_1, zot_end,
          crypt_end, forest_end, elf_end, slime_end, tomb_end, abyss_end,
          pan_hell_end]

Skill      XL: |  1 |
---------------+----+-----
Fighting       | 4 |  4.7
Polearms       | 4 |  4.7
Armour         | |  2.8
Dodging        | |  2.5

Action                   || total
-------------------------++-------
Melee: Spear             ||    18
       Headbutt          ||     3
Armor: Animal skin       ||     2
Dodge: Dodged            ||     7
